 Dungeon Crawl Stone Soup version 0.28-a0-723-g095bd1b44f (webtiles) character file.

Game seed: 13019003760211820032

264 KoroneIsBestGirl the Chiller (level 6, -1/41 HPs)
             Began as a Barachi Ice Elementalist on Oct 25, 2021.
             Was a Follower of Qazlal.
             Slain by a white imp (4 damage)
             ... on level 3 of the Dungeon.
             The game lasted 00:04:08 (4030 turns).

KoroneIsBestGirl the Chiller (BaIE)                 Turns: 4030, Time: 00:04:09

Health: -1/41      AC:  3    Str:  9    XL:     6   Next: 19%
Magic:  5/12       EV: 13    Int: 17    God:    Qazlal [*.....]
Gold:   91         SH:  2    Dex: 13    Spells: 9/13 levels left

rFire   . . .      SeeInvis .   b - +0 dagger
rCold   . . .      Faith    .   (no shield)
rNeg    . . .      Spirit   .   a - +0 robe
rPois   .          Reflect  .   (no helmet)
rElec   .          Harm     .   (no cloak)
rCorr   .          Rampage  .   g - +0 pair of gloves
Will    +....                   (no boots)
Stlth   ++........              (no amulet)
HPRegen 0.13/turn               e - ring of willpower
MPRegen 0.13/turn               (no ring)

@: freezing walls, slow
A: amphibious, slowness 1, strong legs 1, +LOS
a: Hop, Renounce Religion


You were on level 3 of the Dungeon.
You worshipped Qazlal.
Qazlal was aware of your devotion.
You visited 1 branch of the dungeon, and saw 3 of its levels.

You collected 91 gold pieces.

Inventory:

Hand Weapons
 b - a +0 dagger (weapon)
Armour
 a - a +0 robe (worn)
 g - a +0 pair of gloves (worn)
Jewellery
 e - a ring of willpower (left hand)
Scrolls
 c - a scroll of acquirement {unknown}
 d - a scroll of teleportation {unknown}
Potions
 f - a potion of degeneration {unknown}
 h - a potion of curing {unknown}


   Skills:
 + Level 4.3 Dodging
 - Level 1.7 Stealth
 + Level 4.0 Spellcasting
 + Level 6.4 Ice Magic


You had 9 spell levels left.
You knew the following spells:

 Your Spells              Type           Power      Damage    Failure   Level
a - Freeze                Ice            100%       1d11      1%          1
b - Frozen Ramparts       Ice            50%        1d7       3%          3

Your spell library contained the following spells:

 Spells                   Type           Power      Damage    Failure   Level
 Ozocubu's Armour         Ice            25%        N/A       3%          3
 Hailstorm                Conj/Ice       14%        3d5       38%         4


Dungeon Overview and Level Annotations

Branches:
Dungeon (3/15)

Altars:
Cheibriados
Fedhas
Qazlal
Uskayaw
The Shining One


Innate Abilities, Weirdness & Mutations

You are amphibious.
You cover ground slowly.
You can hop short distances.
You have an extended range of vision and can be seen from far away.


Message History

The white imp is lightly wounded.
The white imp gestures at you. The puff of frost hits you!
You are too injured to fight recklessly!
You are too injured to fight recklessly!
You are too injured to fight recklessly!
You are too injured to fight recklessly!
You are too injured to fight recklessly!
You are too injured to fight recklessly!
You are too injured to fight recklessly!
You are too injured to fight recklessly!
You are too injured to fight recklessly!
You are too injured to fight recklessly!
You are too injured to fight recklessly!
You are too injured to fight recklessly!
You are too injured to fight recklessly!
You are too injured to fight recklessly!
You are too injured to fight recklessly!
You closely miss the white imp.
The white imp is lightly wounded.
The white imp shouts, "Get thee hence, thou qualling ditch-delivered bandersnitch!"
The white imp gestures at you. The puff of frost hits you!
* * * LOW HITPOINT WARNING * * *
Casting: Freeze (safe; 1% risk of failure)
Confirm with . or Enter, or press ? or * to list all spells.
Casting: Frozen Ramparts (dangerous; 3% risk of failure)
Press: ? - help, Dir - look around, f - activate The walls around you are covered in ice.
The white imp completely resists.
The wall freezes the white imp but does no damage.
The white imp hits you but does no damage.
You hit the white imp.
The white imp is moderately wounded.
The white imp completely resists.
The wall freezes the white imp but does no damage.
The white imp hits you.
* * * LOW HITPOINT WARNING * * *
The white imp freezes you.
You die...

###[.)###..#.....#..#....#..#
......# #..#+###'#..#.##.....
###...###..#.....#..#..
..(.#.
###..##.+..'.._..+..+.## #.##
........#..#.....#..#.. .#
.......<#..#+###+#..#.# #
......#.#..#.....#..#.#
##...##.+##'##'##+##+.#
##.##.#.#.....#.@5..#
##.#....#.....#.....#
##.#.#.####+##+##+###
.[....## ##.....# #.....#
#.....# #.....# #.....#


You could see a white imp.

Vanquished Creatures
  Sigmund (D:2)
  3 adders
  3 gnolls (D:2)
  2 worms
  A dart slug (D:1)
  4 ball pythons
  4 bats (D:1)
  3 endoplasms (D:1)
  3 giant cockroaches
  4 goblins
  6 jackals (D:1)
  5 kobolds
  2 quokkas
  A frilled lizard (D:2)
  2 rats
44 creatures vanquished.

Vanquished Creatures (others)
  3 fungi (D:1)
  A plant (D:1)
4 creatures vanquished.

Grand Total: 48 creatures vanquished

Notes
Turn   | Place    | Note
-------+----------+-------------------------------------------
     0 | D:1      | KoroneIsBestGirl the Barachi Ice Elementalist began the
                  | quest for the Orb.
     0 | D:1      | Reached XP level 1. HP: 13/13 MP: 3/3
   150 | D:1      | Reached skill level 5 in Ice Magic
   150 | D:1      | Reached XP level 2. HP: 19/19 MP: 1/5
   863 | D:1      | Found a faded altar of an unknown god.
   876 | D:1      | Prayed at the altar of an unknown god.
   876 | D:1      | Became a worshipper of Qazlal Stormbringer
   876 | D:1      | Reached * piety under Qazlal
   980 | D:1      | Reached XP level 3. HP: 24/24 MP: 7/7
  1272 | D:1      | Learned a level 3 spell: Frozen Ramparts
  1781 | D:2      | Noticed Sigmund
  2769 | D:2      | Found a hide-covered altar of Uskayaw.
  2861 | D:2      | HP: 1/24 [something/puff of flame (7)]
  2862 | D:2      | Killed Sigmund
  2863 | D:2      | Reached skill level 6 in Ice Magic
  2863 | D:2      | Reached XP level 4. HP: 2/30 MP: 0/9
  2863 | D:2      | Reached XP level 5. HP: 2/35 MP: 0/10
  3189 | D:2      | Reached XP level 6. HP: 41/41 MP: 6/12
  3819 | D:3      | Found a blossoming altar of Fedhas.
  3902 | D:3      | Found a glowing golden altar of the Shining One.
  3913 | D:3      | Found a snail-covered altar of Cheibriados.
  3964 | D:3      | Found a hide-covered altar of Uskayaw.
  4030 | D:3      | Slain by a white imp

Illustrated notes

Levels and vault maps discovered:
D:1:      mrwooster_arrival_arrow, layout_basic,
          shapermc_ecumenical_altar_mp_urbaneastern, minmay_misc_feat_doors
D:2:      layout_rooms, basic_altar, uniq_sigmund
D:3:      minmay_chambers_of_twos, layout_loops_cross,
          mainiacjoe_overflow_concentric_impassable,
          mainiacjoe_overflow_24_doors, amethyst_overflow_temple_binary,
          nemelex_diamond_rough_becter, serial_shops, nicolae_lakefront_shop

Skill      XL: |  1  2  3  4  5 |
---------------+----------------+-----
Ice Magic      | 5 6 |  6.4
Dodging        | 4 |  4.3
Spellcasting   | 3 4 |  4.0
Stealth        | |  1.7

Action                   |  1- 3 |  4- 6 || total
-------------------------+-------+-------++-------
Melee: Unarmed           |     5 |       ||     5
       Dagger            |    47 |     5 ||    52
 Cast: Freeze            |    34 |    32 ||    66
       Frozen Ramparts   |     3 |     2 ||     5
 Abil: Hop               |     1 |       ||     1
Armor: Robe              |    11 |     5 ||    16
Dodge: Dodged            |    60 |    21 ||    81
Block: Other             |     5 |     1 ||     6

Table legend: (Time is in decaauts)
 A = Elapsed time spent in this place.
 B = Non-inter-level travel time spent in this place.
 C = Inter-level travel time spent in this place.
 D = Time resting spent in this place.
 E = Time spent auto-exploring this place.
 F = Levels seen in this place.
 G = Mean time per level.
                   A        B        C        D        E       F      G
               +--------+--------+--------+--------+--------+-----+--------+
         Total |   4337 |   4132 |    205 |    826 |   2877 |   3 | 1445.7 |
       Dungeon |   4337 |   4132 |    205 |    826 |   2877 |   3 | 1445.7 |
               +--------+--------+--------+--------+--------+-----+--------+

Top non-repeatable levels by time:
     D:1: 2896 daAuts
     D:2: 1116 daAuts
     D:3: 324 daAuts
